 Dungeon Crawl Stone Soup version 0.21-a0-110-g8e1637b (webtiles) character file.

41671 Leszczynek the Severer (level 13, 0/127 HPs)
             Began as a Deep Dwarf Fighter on July 10, 2017.
             Was the Champion of Makhleb.
             Slain by a naga mage
             ... wielding a +0 halberd
              (9 damage)
             ... on level 2 of the Snake Pit.
             The game lasted 00:46:36 (6686 turns).

Leszczynek the Severer (Deep Dwarf Fighter)         Turns: 6686, Time: 00:46:37

Health: 0/127      AC: 13    Str: 21    XL:     13   Next: 81%
Magic:  6/6        EV: 14    Int: 11    God:    Makhleb [******]
Gold:   1206       SH: 12    Dex: 14    Spells: 12/12 levels left

rFire    . . .     SeeInvis .   a - +2 war axe (chop)
rCold    + . .     Gourm    .   H - +0 shield
rNeg     + . .     Faith    .   D - +4 steam dragon scales "Zounef" {rPois rC+}
rPois    +         Spirit   .   (no helmet)
rElec    .         Reflect  .   q - +1 cloak
rCorr    .         Harm     .   (no gloves)
MR       +....                  (no boots)
Stlth    +.........             (no amulet)
HPRegen  0.00/turn              r - ring of flight
MPRegen  0.10/turn              o - ring of positive energy

@: non-regenerating
A: damage resistance, heal wounds, sense surroundings 2, no regeneration
a: Heal Wounds, Minor Destruction, Lesser Servant of Makhleb, Major Destruction,
Greater Servant of Makhleb, Renounce Religion, Evoke Flight


You were on level 2 of the Snake Pit.
You worshipped Makhleb.
Makhleb was exalted by your worship.
You were hungry.

You visited 4 branches of the dungeon, and saw 23 of its levels.
You also visited: Sewer, Bailey and Ice Cave.

You collected 1206 gold pieces.

Inventory:

Hand Weapons
 a - a +2 war axe of chopping (weapon)
 b - a +4 blowgun
 c - a +0 morningstar
Missiles
 v - 23 tomahawks (quivered)
 G - 5 curare-tipped needles
 W - a throwing net
Armour
 q - a +1 cloak (worn)
 t - the +1 chain mail "Kavob" {rN+ Str+5 Int-5}
   (You found it on level 6 of the Dungeon)

   It affects your strength (+5).
   It affects your intelligence (-5).
   It protects you from negative energy.
 C - a +0 plate armour of cold resistance
 D - the +4 steam dragon scales "Zounef" (worn) {rPois rC+}
   (You found it on level 4 of the Lair of Beasts)

   It protects you from cold.
   It protects you from poison.
 H - a +0 shield (worn)
Jewellery
 o - a ring of positive energy (right hand)
 r - a ring of flight (left hand)
 T - an uncursed ring of ice
Wands
 f - a wand of polymorph (9/24)
 m - a wand of digging (6/24)
 E - a wand of paralysis (20/24)
 I - a wand of iceblast (4/15)
 M - a wand of acid (11/15)
 R - a wand of acid (3/15)
 U - a wand of clouds (5/9)
 Y - a wand of acid (3/15)
Scrolls
 e - 2 scrolls of fear
 i - a scroll of immolation {unknown}
 l - 4 scrolls of teleportation
 s - 2 scrolls of blinking
 w - 7 scrolls of remove curse {@r2}
 y - a scroll of enchant armour
 z - 3 scrolls of fog
 A - 2 scrolls of recharging
 F - 3 scrolls of magic mapping
 L - a scroll of vulnerability {unknown}
 O - a scroll of holy word {unknown}
 S - a scroll of silence {unknown}
 V - 3 scrolls of identify {@r1}
Potions
 h - 4 potions of heal wounds {@q2}
 k - a potion of haste
 p - a potion of cancellation
 u - 3 potions of flight
 x - 2 potions of resistance {unknown}
 B - a potion of lignification {!q}
 J - a potion of magic {unknown}
 K - 3 potions of curing {@q1}
 N - a potion of ambrosia {unknown}
 X - a potion of berserk rage {unknown}
Miscellaneous
 P - a sack of spiders
Comestibles
 d - 6 bread rations
 g - 17 fruits
 j - 2 royal jellies
 n - 4 meat rations
 Q - a chunk of flesh


   Skills:
 + Level 11.3 Fighting
 - Level 16.2 Axes
 - Level 8.7 Armour
 + Level 5.4 Dodging
 * Level 9.3 Shields
 - Level 7.1 Invocations
 - Level 8.0 Evocations


You had 12 spell levels left.
You didn't know any spells.

Dungeon Overview and Level Annotations

Branches:
Dungeon (15/15)              Lair (4/6) D:8           Swamp (0/4) Lair:3
  Snake (2/4) Lair:4          Orc (2/2) D:11         Depths (0/5) D:15
 Temple: D:4-7          Elf: Orc:2       Vaults: D:13-14

Altars:
Dithmenos
Elyvilon
Fedhas
Hepliaklqana
Makhleb
Trog
Vehumet
Yredelemnul
Zin

Annotations:
D:11 1 runed door (ego plate, randart ring; fire g, tengu r, 2 flayed)
Lair:2 exclusion: oklob plant


Innate Abilities, Weirdness & Mutations

You are resistant to damage.
You can heal yourself by infusing magical energy.
You passively map the area around you.
You do not regenerate.


Message History

The salamander hits you from afar with a halberd!
You are engulfed in flames!
* * * LOW HITPOINT WARNING * * *
The black mamba bites you but does no damage.
Your magical essence is drained by the effort!
You feel much better.
The naga mage hits you from afar with a halberd.
The black mamba barely misses you. The salamander hits you with a halberd!
* * * LOW HITPOINT WARNING * * *
You are engulfed in flames!
* * * LOW HITPOINT WARNING * * *
You block the naga warrior's attack. You block the salamander's attack.
The naga mage closely misses you.
Unknown command.
You fail to use your ability.
You block the black mamba's attack. x2
The salamander hits you but does no damage.
The naga warrior hits you from afar with a trident!
* * * LOW HITPOINT WARNING * * *
The naga mage hits you from afar with a halberd!
You die...

* , , ,,, * ,
,,.......# ,*
,
,......###+##
,*
+#..........#
* *
#...(.......*
, ,,
,,#...........
, * * *
*#..NNN......*
, * *
#..SN......# ,
, ,+...@.....#
, ,,
#...<....## *
##....[.##
##....##
##..## ####


You could see a naga warrior, 2 salamanders, a black mamba and a naga mage.

Vanquished Creatures
  A fire giant (D:14)
  A frost giant (IceCv)
  A naga warrior (Snake:1)
  A hydra (D:14)
  5 two-headed ogres
  A centaur warrior (D:13)
  A tengu warrior (D:13)
  Sonja (D:11)
  An unseen horror (D:14)
  A wizard (D:14)
  An orc sorcerer (Orc:1)
  5 ugly things
  An ice statue (IceCv)
  A black mamba (Lair:1)
  2 spiny frogs
  A freezing wraith (D:14)
  3 komodo dragons
  A rime drake (Lair:1)
  A tengu conjurer (D:14)
  4 trolls
  13 polar bears (IceCv)
  3 hornets
  12 blink frogs
  A hippogriff (D:12)
  6 slime creatures
  A meliai zombie (D:11)
  3 wraiths
  A vampire (D:12)
  A basilisk (Lair:2)
  38 yaks
  Grum (D:9)
  3 vampire mosquitoes (D:14)
  A soldier ant (D:14)
  6 nagas
  5 wargs
  An acid dragon (D:11)
  4 water moccasins
  3 porcupines
  A hornet zombie (D:11)
  A sky beast (D:6)
  12 orc warriors
  An ice beast (D:8)
  2 phantoms
  A necrophage (D:14)
  An eye of draining (D:13)
  6 ogres
  22 wolves
  5 crocodiles
  2 centaurs
  3 big kobolds
  12 bullfrogs
  A scorpion (D:8)
  4 wights (D:12)
  2 electric eels (Lair:1)
  4 howler monkeys
  A crimson imp (D:5)
  4 jellies
  6 orc priests
  2 hounds
  9 orc wizards
  2 centaur skeletons
  A bullfrog skeleton (D:9)
  Ijyb (D:3)
  Terence (D:3)
  An iguana (D:7)
  8 worker ants
  A hound skeleton (D:5)
  A howler monkey skeleton (D:10)
  2 worker ant zombies (D:6)
  4 adders
  2 river rats
  A shadow imp (D:10)
  An ooze (D:3)
  2 worms
  3 leopard geckos
  55 orcs
  4 giant cockroaches
  5 goblins
  5 hobgoblins
  15 jackals
  17 kobolds
  3 quokkas
  2 ball pythons (D:6)
  6 bats
  2 frilled lizards
  A giant cockroach zombie (D:6)
  6 rats
  2 fungi
393 creatures vanquished.

Vanquished Creatures (collateral kills)
  Harold (Lair:2)
  2 hydras
  2 death yaks (IceCv)
  2 ugly things (D:14)
  A manticore (D:11)
  2 gargoyles
  A freezing wraith (D:12)
  A troll (D:10)
  A hornet (D:13)
  A wyvern (Lair:2)
  A basilisk (Lair:2)
  2 orc warriors
  A hornet zombie (D:14)
  2 bullfrogs
  An orc priest (D:13)
  A hound (D:11)
  2 orc wizards
  A worker ant zombie (D:11)
  A shadow imp (D:11)
  5 orcs
31 creatures vanquished.

Vanquished Creatures (others)
  A wolf (IceCv)
  An orc (D:6)
  A plant (Lair:2)
3 creatures vanquished.

Grand Total: 427 creatures vanquished

Notes
Turn   | Place    | Note
-------+----------+-------------------------------------------
     0 | D:1      | Leszczynek the Deep Dwarf Fighter began the quest for the Orb.
     0 | D:1      | Reached XP level 1. HP: 20/20 MP: 1/1
    72 | D:1      | Reached skill level 3 in Axes
    72 | D:1      | Reached XP level 2. HP: 27/27 MP: 2/2
   183 | D:2      | Found a burning altar of Makhleb.
   184 | D:2      | Found a hazy altar of Hepliaklqana.
   186 | D:2      | Found a basalt altar of Yredelemnul.
   187 | D:2      | Found a blossoming altar of Fedhas.
   190 | D:2      | Became a worshipper of Makhleb the Destroyer
   191 | D:2      | noice
   255 | D:2      | Reached XP level 3. HP: 24/33 MP: 3/3
   257 | D:2      | Reached skill level 4 in Axes
   307 | D:2      | Found a glowing silver altar of Zin.
   313 | D:2      | You fall through a shaft!
   313 | D:3      | Noticed Terence
   324 | D:3      | Killed Terence
   324 | D:3      | Reached XP level 4. HP: 25/40 MP: 4/4
   352 | D:3      | Reached skill level 5 in Axes
   453 | D:3      | Reached * piety under Makhleb
   464 | D:3      | Noticed Ijyb
   475 | D:3      | Killed Ijyb
   604 | D:3      | Reached XP level 5. HP: 33/46 MP: 5/5
   639 | D:4      | Noticed a phantom
   645 | D:4      | Reached skill level 6 in Axes
   668 | D:4      | Killed a phantom
   703 | D:5      | Entered Level 5 of the Dungeon
   778 | D:5      | Reached skill level 7 in Axes
   778 | D:5      | Reached XP level 6. HP: 31/55 MP: 6/6
   868 | D:6      | Noticed an orc warrior
   883 | D:6      | Killed an orc warrior
   883 | D:6      | Reached skill level 3 in Fighting
   888 | D:6      | Reached skill level 8 in Axes
   893 | D:6      | Reached XP level 7. HP: 38/62 MP: 7/7
   903 | D:6      | Reached ** piety under Makhleb
  1026 | D:6      | Found a glowing drain.
  1043 | Sewer    | Entered a sewer
  1144 | Sewer    | Found a white marble altar of Elyvilon.
  1228 | D:7      | Reached skill level 4 in Fighting
  1228 | D:7      | Reached skill level 9 in Axes
  1285 | D:6      | Noticed a cyan ugly thing
  1286 | D:6      | WHAT
  1287 | D:6      | Got a pitted chain mail
  1321 | D:6      | Killed a cyan ugly thing
  1321 | D:6      | Reached skill level 5 in Fighting
  1321 | D:6      | Reached skill level 10 in Axes
  1321 | D:6      | Reached XP level 8. HP: 71/74 MP: 8/8
  1322 | D:6      | son of a bitch
  1365 | D:6      | Identified the +1 chain mail "Kavob" {rN+ Str+5 Int-5} (You found it on level 6 of the Dungeon)
  1556 | D:8      | Found a white marble altar of Elyvilon.
  1640 | D:8      | Noticed a two-headed ogre
  1664 | D:8      | Reached skill level 11 in Axes
  1700 | D:7      | disto 2h ogre
  1700 | D:7      | wew ladf
  1724 | D:8      | Found a staircase to the Lair.
  1779 | Lair:1   | Entered Level 1 of the Lair of Beasts
  2009 | D:9      | Reached *** piety under Makhleb
  2014 | D:9      | Reached skill level 4 in Shields
  2014 | D:9      | Gained mutation: You passively map the area around you. [Deep Dwarf growth]
  2014 | D:9      | Reached XP level 9. HP: 47/82 MP: 9/9
  2060 | D:9      | Noticed Grum
  2092 | D:9      | Killed Grum
  2092 | D:9      | Reached skill level 6 in Fighting
  2092 | D:9      | Reached skill level 5 in Shields
  2129 | D:9      | Found a shadowy altar of Dithmenos.
  2148 | D:9      | Reached skill level 1 in Invocations
  2151 | D:9      | HP: 15/82 [orc warrior/trident (14)]
  2158 | D:9      | Reached skill level 2 in Invocations
  2207 | D:9      | Reached skill level 3 in Invocations
  2217 | D:9      | Found a bloodstained altar of Trog.
  2271 | D:10     | Entered Level 10 of the Dungeon
  2271 | D:10     | Noticed a gargoyle
  2276 | D:10     | Killed a gargoyle
  2276 | D:10     | Reached skill level 4 in Invocations
  2285 | D:10     | Noticed a troll
  2292 | D:10     | Killed a troll
  2292 | D:10     | Reached skill level 5 in Invocations
  2311 | D:10     | Noticed a purple ugly thing
  2316 | D:10     | Reached skill level 6 in Invocations
  2318 | D:10     | HP: 14/82 [purple ugly thing (8)]
  2329 | D:10     | Killed a purple ugly thing
  2329 | D:10     | Reached skill level 12 in Axes
  2337 | D:10     | Reached skill level 7 in Invocations
  2396 | D:10     | Reached XP level 10. HP: 70/91 MP: 12/12
  2458 | D:11     | Noticed a five-headed hydra
  2660 | D:11     | Noticed a manticore
  2671 | D:11     | Killed a manticore
  2733 | D:11     | Found a runed door.
  2733 | D:11     | Noticed a faun
  2733 | D:11     | Noticed a flayed ghost
  2733 | D:11     | Noticed a flayed ghost
  2735 | D:11     | Noticed a yaktaur captain
  2735 | D:11     | Noticed a tengu reaver
  2735 | D:11     | Noticed a deep troll earth mage
  2735 | D:11     | Noticed a fire giant
  2735 | D:11     | Noticed a yaktaur captain
  2764 | D:11     | Reached skill level 6 in Shields
  2801 | D:11     | Reached skill level 4 in Armour
  2908 | D:11     | Found a staircase to the Orcish Mines.
  2931 | Orc:1    | Entered Level 1 of the Orcish Mines
  2931 | Orc:1    | Noticed a two-headed ogre
  2938 | D:11     | HP: 15/92 [two-headed ogre/giant spiked club (8)]
  2944 | D:11     | Killed a two-headed ogre
  2953 | Orc:1    | Noticed an orc sorcerer
  2987 | D:11     | Got a spiked scale mail
  3014 | D:11     | Killed a five-headed hydra
  3014 | D:11     | Reached skill level 13 in Axes
  3014 | D:11     | Reached skill level 5 in Armour
  3018 | D:11     | Noticed Sonja
  3024 | D:11     | Killed Sonja
  3024 | D:11     | Reached skill level 7 in Fighting
  3094 | D:12     | Identified the +2 scale mail "Toemix" {+Blink Regen+} (You found it on level 11 of the Dungeon)
  3111 | D:12     | Noticed a green ugly thing
  3135 | D:12     | Killed a green ugly thing
  3250 | D:12     | Reached XP level 11. HP: 42/100 MP: 12/12
  3332 | D:12     | Noticed a two-headed ogre
  3343 | D:12     | Reached skill level 6 in Armour
  3347 | D:12     | Killed a two-headed ogre
  3438 | D:12     | Reached **** piety under Makhleb
  3452 | D:12     | Reached skill level 14 in Axes
  3539 | D:12     | Reached skill level 8 in Fighting
  3598 | D:13     | Noticed a centaur warrior
  3606 | D:13     | Killed a centaur warrior
  3606 | D:13     | Reached skill level 7 in Armour
  3639 | D:13     | Noticed a tengu warrior
  3644 | D:13     | Paralysed by a hornet for 1 turns
  3659 | D:13     | Killed a tengu warrior
  3745 | D:14     | ....
  3766 | D:14     | Found a flagged portal.
  3790 | Bailey   | Entered a bailey
  3846 | D:14     | Noticed a seven-headed hydra
  3848 | D:14     | Noticed a fire giant
  3848 | D:14     | Noticed a wizard
  3883 | D:14     | Killed a wizard
  3982 | D:14     | Reached skill level 15 in Axes
  4024 | D:14     | HP: 20/104 [seven-headed hydra (9)]
  4037 | D:14     | Killed a seven-headed hydra
  4048 | D:14     | Noticed a red ugly thing
  4059 | D:14     | Noticed a red ugly thing
  4062 | D:14     | Killed a red ugly thing
  4066 | D:14     | Noticed a red ugly thing
  4068 | D:14     | Noticed a red ugly thing
  4073 | D:14     | Killed a cyan ugly thing
  4073 | D:14     | Reached XP level 12. HP: 49/112 MP: 11/11
  4084 | D:14     | Reached skill level 8 in Armour
  4086 | D:14     | HP: 22/112 [red ugly thing (17)]
  4160 | D:14     | .......................................'
  4161 | D:14     | HP: 14/112 [fire giant/great sword of flaming (26)]
  4171 | D:14     | Killed a fire giant
  4195 | D:14     | Found a frozen archway.
  4200 | IceCv    | Entered an ice cave
  4205 | IceCv    | Reached skill level 9 in Fighting
  4311 | IceCv    | Reached skill level 1 in Evocations
  4325 | IceCv    | Reached skill level 2 in Evocations
  4341 | IceCv    | Reached skill level 3 in Evocations
  4353 | IceCv    | Reached skill level 4 in Evocations
  4416 | IceCv    | Reached skill level 5 in Evocations
  4422 | IceCv    | Reached ***** piety under Makhleb
  4474 | IceCv    | Reached skill level 16 in Axes
  4474 | IceCv    | Reached skill level 6 in Evocations
  4539 | IceCv    | Reached skill level 7 in Evocations
  4564 | IceCv    | Reached skill level 8 in Evocations
  4620 | IceCv    | Noticed a death yak
  4620 | IceCv    | Noticed a frost giant
  4620 | IceCv    | Noticed a death yak
  4655 | IceCv    | Killed a death yak
  4655 | IceCv    | Reached skill level 1 in Dodging
  4665 | IceCv    | Killed a death yak
  4665 | IceCv    | Reached skill level 2 in Dodging
  4677 | IceCv    | Killed a frost giant
  4677 | IceCv    | Reached skill level 3 in Dodging
  4728 | IceCv    | Reached skill level 4 in Dodging
  4749 | IceCv    | damn, this is exceptionally bad
  4787 | D:14     | Reached XP level 13. HP: 117/121 MP: 11/11
  4803 | D:15     | Entered Level 15 of the Dungeon
  4804 | D:15     | Found a staircase to the Depths.
  5195 | Orc:1    | Reached skill level 7 in Shields
  5199 | Orc:1    | Reached skill level 10 in Fighting
  5210 | Orc:1    | HP: 9/123 [orc sorcerer/bolt of negative energy (17)]
  5296 | Orc:1    | Noticed an ettin
  5305 | Orc:2    | Entered Level 2 of the Orcish Mines
  5352 | D:11     | nope
  5743 | Lair:2   | Reached skill level 8 in Shields
  5937 | Lair:2   | Noticed Harold
  5958 | Lair:2   | Reached skill level 11 in Fighting
  5960 | Lair:2   | Killed Harold
  6196 | Lair:4   | Found a radiant altar of Vehumet.
  6294 | Lair:4   | Reached ****** piety under Makhleb
  6316 | Lair:4   | Got smoking steam dragon scales
  6324 | Lair:4   | Found a staircase to the Snake Pit.
  6328 | Lair:4   | Reached skill level 5 in Dodging
  6343 | Lair:4   | Reached skill level 9 in Shields
  6361 | Lair:4   | Identified the +4 steam dragon scales "Zounef" {rPois rC+} (You found it on level 4 of the Lair of Beasts)
  6484 | Lair:3   | Found a staircase to the Swamp.
  6600 | Snake:1  | Entered Level 1 of the Snake Pit
  6683 | Snake:2  | HP: 22/127 [naga mage/halberd (9)]
  6686 | Snake:2  | HP: 9/127 [naga warrior/trident (13)]
  6686 | Snake:2  | Slain by a naga mage

Vault maps used:
D:1:      ldierk_walled_garden_2
D:2:      minmay_door_path, zin_academy, grunt_temple_overflow_open, uniq_robin
D:3:      uniq_ijyb, uniq_terence
D:4:      old_standard_altar, serial_corexii_hall, corexii_hall_statues_s,
          corexii_hall_statues_l, corexii_hall_statues_t, corexii_hall_statues_t
D:5:      fiery_altar_vehumet, temple_doors_cd, first_bread, grunt_gozag_statues
D:6:      hangedman_cross_stitches, portal_sewer_entry_b, lightli_minifort,
          uniq_crazy_yiuf_cottage
D:7:      tgw_sif, grunt_livestock, interstate_on_off
D:8:      lair_entry_dummy, elyvilon_altar_5
D:9:      nicolae_overflow_hidden_temple, nicolae_dithmenos_shadow_blocks,
          uniq_grum
D:10:     minmay_fountain_box
D:11:     minmay_gate_of_8, minmay_orc_entry_guard_dogs, uniq_sonja
D:12:     uniq_urug, uniq_snorg
D:13:     hangedman_vaults_entry_quadrant_bands, due_unseen_surprise
D:14:     nooodl_glass_maze, enter_bailey_2, portal_ice_cave_entry_pillars_1,
          grunt_tough_drop
D:15:     gammafunk_depths_entry_grave, uniq_louise
Lair:1:   lab_entry_generic, dpeg_stationary_puzzle, grunt_megastairs_2
Lair:2:   grunt_megastairs_5, minmay_lair_oklob_chamber, uniq_harold
Lair:3:   swamp_mist_pool, minivault_25
Lair:4:   minmay_snake_entry_guardpost_large, basic_altar
Snake:1:  special_room, spider_trap, serial_bayou_lagoon_a, lemuel_fruit_tree,
          serial_bayou_shore_a, uniq_azrael
Snake:2:  special_room, serial_shops, shop, grunt_ministairs_3
Orc:2:    st_orc_mages, serial_shops,
          nicolae_shop_temple_entry_statues_fountains, nicolae_shop_trees,
          nicolae_shop_statue_plus
Sewer:    sewer_kobolds
Bailey:   bailey_polearm_2, bailey
IceCv:    ice_cave_caverns_02

Skill      XL: |  1  2  3  4  5  6  7  8  9 10 11 12 13 |
---------------+----------------------------------------+-----
Axes           | 3 4 5 7 8 10 11 12 13 15 16 | 16.2
Fighting       | 3 5 6 7 8 9 11 | 11.3
Shields        | 4 5 6 9 |  9.3
Invocations    | 7 |  7.1
Armour         | 5 7 8 |  8.7
Evocations     | 8 |  8.0
Dodging        | 4 5 |  5.4

Action                   |  1- 3 |  4- 6 |  7- 9 | 10-12 | 13-15 || total
-------------------------+-------+-------+-------+-------+-------++-------
Melee: War axe           |    56 |   107 |   293 |   627 |   362 ||  1445
       Morningstar       |       |       |       |     4 |    10 ||    14
Throw: Tomahawk          |       |       |       |       |     3 ||     3
Invok: Lesser Servant of |       |       |     2 |    16 |     4 ||    22
 Abil: Heal Wounds       |       |     3 |    18 |    22 |    19 ||    62
Evoke: Wand              |       |       |       |     2 |     2 ||     4
  Use: Potion            |       |       |     1 |    10 |       ||    11
       Scroll            |       |       |     4 |     6 |     4 ||    14
 Stab: Distracted        |       |       |     1 |     3 |     1 ||     5
       Paralysed         |       |       |       |     2 |     2 ||     4
  Eat: Chunk             |       |       |     6 |     9 |     6 ||    21
Armor: Scale mail        |    22 |    60 |    49 |       |       ||   131
       Chain mail        |       |       |    76 |   149 |    52 ||   277
       Skin              |       |       |       |    30 |       ||    30
       Plate armour      |       |       |       |   170 |    68 ||   238
       Steam dragon scal |       |       |       |       |     6 ||     6
Dodge: Dodged            |    23 |    45 |    83 |   138 |   130 ||   419
Block: Shield            |    42 |    55 |   181 |   347 |   247 ||   872
